 Seeded DCSS version 0.30.1-9-gdf580d7c3d (webtiles) character file.

Game seed: 9106806156630997546 (custom seed)

230 Psyclone the Conjurer (level 5, -4/24 (28) HPs)
             Began as a Deep Elf Conjurer on Oct 9, 2023.
             Was an Initiate of Gozag.
             Slain by a kobold brigand
             ... wielding a +2 dagger of draining
              (7 damage)
             ... in a sewer.
             The game lasted 00:02:12 (1060 turns).

Psyclone the Conjurer (Deep Elf Conjurer)           Turns: 1060, Time: 00:02:12

HP:   -4/24 (28)    AC:  2    Str:  4    XL:     5   Next: 72%
MP:   1/11          EV: 12    Int: 25    God:    Gozag
Gold: 137           SH:  0    Dex: 13    Spells: 3/10 levels left

rFire   . . .        (no weapon)
rCold   . . .        (no shield)
rNeg    . . .        a - +0 robe
rPois   .            (no helmet)
rElec   .            (no cloak)
rCorr   .            (no gloves)
SInv    .            (no boots)
Will    .....        (no amulet)
Stlth   +            (no ring)
HPRegen 0.24/turn    (no ring)
MPRegen 0.12/turn

%: no passive effects
@: heavily drained, very slow
A: no striking features
a: Renounce Religion, Potion Petition, Call Merchant, Bribe Branch


You were in a sewer.
You worshipped Gozag.
Gozag was aware of your devotion.
You visited 2 branches of the dungeon, and saw 6 of its levels.
You also visited: Sewer.

You collected 224 gold pieces.
You paid 87 gold pieces to Gozag.

Inventory:

Armour
 a - a +0 robe (worn)
Scrolls
 d - a scroll of fear {unknown}
Potions
 b - a potion of magic
 c - a potion of haste {unknown}


   Skills:
 - Level 2.4 Dodging
 - Level 2.4 Stealth
 - Level 3.0 Spellcasting
 + Level 7.7 Conjurations


You had 3 spell levels left.
You knew the following spells:

 Your Spells              Type           Power      Damage    Failure   Level
a - Magic Dart            Conj           100%       1d8       1%          1
b - Searing Ray           Conj           84%        2d7       1%          2
d - Fulminant Prism       Conj/Hex       11%        3d9       21%         4

Your spell library contained the following spells:

 Spells                   Type           Power      Damage    Failure   Level
 Dazzling Flash           Conj/Hex       46%        N/A       6%          3
 Iskenderun's Mystic Bla  Conj/Tloc      23%        2d6       21%         4


Dungeon Overview and Level Annotations

Branches:
Dungeon (5/15) Zot: 26708  Temple (1/1) D:5 Zot: 5978   Sewer (1/1) Zot: 5520

Altars:
Dithmenos
Gozag
Hepliaklqana
Okawaru
Qazlal
Ru
Sif Muna
Trog
Uskayaw
Xom
Yredelemnul

Annotations:
D:3 Natasha


Message History

The poisoned dart misses you.
The poisoned dart hits the plant!
The kobold brigand barely misses you.
Casting: Searing Ray (safe; 1% risk of failure)
Confirm with . or Enter, or press ? or * to list all spells.
Aiming: Searing Ray (safe; 1% risk of failure)
Press: ? - help, Shift-Dir - straight line, f - kobold brigand
Aim: a kobold brigand, wielding a +2 dagger of draining and quivering poisoned darts (77% to hit)
The searing ray misses the kobold brigand. (Press . to maintain the ray.)
The kobold brigand hits you with a +2 dagger of draining.
You feel drained.
You take 5 damage, and have 21/27 hp.
You now have 6/11 mp.
The searing ray hits the kobold brigand!
The kobold brigand is moderately wounded.
The kobold brigand hits you with a +2 dagger of draining.
You feel drained.
You take 7 damage, and have 14/26 hp.
MASSIVE DAMAGE!!
You now have 5/11 mp.
The searing ray hits the kobold brigand!
The kobold brigand is severely wounded.
The kobold brigand hits you with a +2 dagger of draining.
You feel drained.
* * * LOW HITPOINT WARNING * * *
You take 7 damage, and have 7/25 hp.
MASSIVE DAMAGE!!
You now have 4/11 mp.
The searing ray misses the kobold brigand.
You finish channelling your searing ray.
The kobold brigand hits you with a +2 dagger of draining.
* * * LOW HITPOINT WARNING * * *
You feel drained.
You take 4 damage, and have 3/24 hp.
You now have 3/11 mp.
Casting: Searing Ray (safe; 1% risk of failure)
Confirm with . or Enter, or press ? or * to list all spells.
Aiming: Searing Ray (safe; 1% risk of failure)
Press: ? - help, Shift-Dir - straight line, f/p - kobold brigand
Aim: a kobold brigand, wielding a +2 dagger of draining and quivering poisoned darts (severely wounded, 77% to hit)
The searing ray hits the kobold brigand!
The kobold brigand is almost dead. (Press . to maintain the ray.)
The kobold brigand hits you with a +2 dagger of draining!
You die...
Your body crumbles into a pile of gold.

≈≈≈ #~#.........~.~~~~~~
≈≈≈≈#~#.~~..~.~.~.~.####
≈≈≈≈~.P~...~~~~~~~.~#
≈≈≈≈P.P..~.P~~~~~~.~.
≈≈≈≈≈.~~~~PPP~~~~..~~.
≈≈≈≈≈.~~.P$P.P~~.~~..~.
≈≈≈≈≈≈~~.#~#.~....
≈≈≈≈≈≈~~.#~#...PPP
≈≈≈≈≈≈≈≈≈#@# ≈.~~P
≈≈≈≈≈≈≈≈≈#K# ≈≈#
≈≈≈≈≈≈≈≈#~# ≈#
≈≈≈≈≈≈≈#~# # #~# #~# #~#
#~#


You could see a kobold brigand.

Vanquished Creatures
  A kobold brigand (Sewer)
  A scorpion (D:5)
  4 adders
  3 river rats
  2 dart slugs
  2 orcs (D:5)
  A bat (D:1)
  An endoplasm (D:4)
  2 giant cockroaches (D:5)
  A hobgoblin (D:4)
  5 jackals
  4 kobolds
  4 ball pythons
  2 frilled lizards (Sewer)
  2 rats (D:5)
35 creatures vanquished.

Notes
Turn   | Place    | Note
-------+----------+-------------------------------------------
     0 | D:1      | Psyclone the Deep Elf Conjurer began the quest for the Orb.
     0 | D:1      | Reached XP level 1. HP: 10/10 MP: 6/6
    28 | D:2      | Found a stormy altar of Qazlal.
   142 | D:2      | Reached XP level 2. HP: 15/15 MP: 5/8
   205 | D:2      | Learned a level 2 spell: Searing Ray
   206 | D:3      | Noticed Natasha
   229 | D:4      | Reached skill level 5 in Conjurations
   311 | D:5      | Entered Level 5 of the Dungeon
   336 | D:5      | Noticed a scorpion
   347 | D:5      | Killed a scorpion
   348 | D:5      | Reached skill level 6 in Conjurations
   348 | D:5      | Reached XP level 3. HP: 17/19 MP: 2/9
   348 | D:5      | Reached XP level 4. HP: 21/24 MP: 2/10
   459 | D:5      | Found a staircase to the Ecumenical Temple.
   472 | D:5      | Noticed a yak
   474 | Temple   | Entered the Ecumenical Temple
   484 | Temple   | Became a worshipper of Gozag Ym Sagoz the Greedy
   495 | D:5      | Noticed a yak
   495 | D:5      | Noticed a yak
   566 | D:5      | Found a glowing drain.
   620 | Sewer    | Entered a sewer
   807 | Sewer    | Learned a level 4 spell: Fulminant Prism
   812 | Sewer    | Noticed a kobold brigand
   823 | Sewer    | Killed a kobold brigand
   824 | Sewer    | Reached skill level 7 in Conjurations
   824 | Sewer    | Reached XP level 5. HP: 16/28 MP: 0/11
  1060 | Sewer    | Slain by a kobold brigand

Illustrated notes

Levels and vault maps discovered:
D:1:      onia_arrival_mini_spirals, layout_loops_ring, serial_shops, shop
D:2:      layout_rooms, basic_altar, reono_crystal_passage, minmay_tetromino_l2,
          uniq_robin, uniq_jessica, uniq_crazy_yiuf_cottage
D:3:      layout_loops_ring, uniq_sigmund, uniq_natasha
D:4:      layout_rooms, ebering_ghost_sewer_d, nicolae_take_the_stairs,
          grunt_ministairs_6, ebering_dispersal_statue_hall,
          minmay_ogre_servants
D:5:      nicolae_cairo_tiling_large, layout_basic, slow_altar_2,
          minmay_temple_entry_junction_2, portal_sewer_entry_b
Temple:   nicolae_temple_bog_church
Sewer:    sewer_co_scattered_pipes

Skill      XL: |  1  2  3  4 |
---------------+-------------+-----
Conjurations   | 6 7 |  7.7
Dodging        | |  2.4
Stealth        | |  2.4
Spellcasting   | |  3.0

Action                     |  1- 3 |  4- 6 || total
---------------------------+-------+-------++-------
  Melee: Unarmed           |       |    24 ||    24
   Cast: Magic Dart        |    13 |    25 ||    38
         Searing Ray       |     3 |    10 ||    13
 Armour: Robe              |       |     8 ||     8
  Dodge: Dodged            |    13 |    34 ||    47
